 Dungeon Crawl Stone Soup version 0.31-a0-978-g1e143483b6 (webtiles) character file.

Game seed: 5655671076382386760

6498 AppTheSpectato the Thaumaturge (level 11, -2/90 HPs)
             Began as a Djinni Ice Elementalist on Oct 27, 2023.
             Shot with an arrow by a centaur warrior (28 damage)
             ... on level 10 of the Dungeon on Oct 30, 2023.
             The game lasted 00:58:02 (10338 turns).

AppTheSpectato the Thaumaturge (DjIE)              Turns: 10338, Time: 00:58:03

Health: -2/90      AC:  5    Str:  7      XL:     11   Next: 19%
Gold:   633        EV: 12    Int: 19 (20) God:
                   SH:  5    Dex: 15

rFire   + + +        u - +2 scythe (freeze)
rCold   x x .        (shield currently unavailable)
rNeg    + . .        a - +0 robe
rPois   ∞            (no helmet)
rElec   .            A - scarf {+Inv}
rCorr   .            l - +2 pair of gloves
SInv    .            (boots unavailable)
Will    ++...        h - amulet of reflection
Stlth   ++           e - ring of fire
HPRegen 0.00/turn    d - ring of positive energy
MPRegen 0.00/turn

%: reflection, infuse magic (-3 HP)
@: flying, inhibited regen
A: sickness immunity, fire resistance 2, cold vulnerability 1, float, innate
caster, HP casting, extra vitality 1, deterioration 1, strong-willed 1, robust
1, inhibited regeneration
a: Evoke Invisibility


You were on level 10 of the Dungeon.
You visited 2 branches of the dungeon, and saw 11 of its levels.

You collected 633 gold pieces.

Inventory:

Hand Weapons
 m - a +1 dagger of holy wrath
 u - a +2 scythe of freezing (weapon)
Missiles
 c - a throwing net (quivered)
Armour
 a - a +0 robe (worn)
 l - a +2 pair of gloves (worn)
 A - a scarf of invisibility (worn)
Jewellery
 d - a ring of positive energy (right hand)
 e - a ring of fire (left hand)
 h - an amulet of reflection (around neck)
 r - a ring of flight
 s - a ring of willpower
 y - a +4 ring of slaying
 B - a +5 ring of evasion
 E - a ring of protection from fire
Talismans
 f - a beast talisman
Wands
 b - a wand of iceblast (28)
 g - a wand of light (9)
 n - a wand of paralysis (7)
 q - a wand of flame (28)
Scrolls
 i - a scroll of blinking
 k - a scroll of enchant armour
 o - a scroll of fear
 p - a scroll of revelation
 v - a scroll of silence
 C - a scroll of teleportation
Potions
 j - a potion of berserk rage
 t - 2 potions of resistance
 x - a potion of magic
 z - a potion of attraction
 D - a potion of brilliance {unknown}


   Skills:
 + Level 8.5 Fighting
 - Level 2.3 Dodging
 - Level 1.7 Stealth
 * Level 11.0 Spellcasting
 * Level 11.0 Conjurations
 * Level 11.0 Hexes
 * Level 11.0 Summonings
 * Level 11.0 Necromancy
 * Level 11.0 Translocations
 * Level 11.0 Transmutations
 * Level 11.0 Fire Magic
 * Level 11.0 Ice Magic
 * Level 11.0 Air Magic
 * Level 11.0 Earth Magic
 * Level 11.0 Poison Magic


You knew the following spells:

 Your Spells              Type           Power      Damage    Failure   Level
a - Freeze                Ice            100%       1d10      1%          1
b - Frozen Ramparts       Ice            100%       1d16      1%          3
c - Ozocubu's Armour      Ice            51%        N/A       1%          3
d - Summon Ice Beast      Ice/Summ       51%        N/A       1%          4
e - Apportation           Tloc           100%       N/A       1%          1
f - Searing Ray           Conj           100%       2d8       1%          2
g - Stone Arrow           Conj/Erth      100%       3d13      1%          3
h - Animate Armour        Summ/Erth      100%       N/A       1%          4
i - Sticky Flame          Conj/Fire      68%        2d8       1%          4
Your spell library was empty.

Dungeon Overview and Level Annotations

Branches:
Dungeon (10/15)            Temple (1/1) D:5            Lair (0/5) D:9
    Orc: D:9-12

Altars:
Ashenzari
Dithmenos
Fedhas
Gozag
Nemelex Xobeh
Okawaru
Qazlal
Trog
Uskayaw
Wu Jian
Xom
Yredelemnul
Zin
The Shining One

Shops:
D:9 (!   D:10 *

Portals:
Bailey: D:10

Annotations:
D:10 3 runed translucent doors, exclusion: obsidian statue, wally255's ghost, novice TrFi


Innate Abilities, Weirdness & Mutations

You are immune to sickness and miasma.
You are immune to poison.
Your flesh is very heat resistant. (rF++)
You are vulnerable to cold. (rC-)
You float through the air rather than walking.
You learn spells naturally, not from books.
Your magical power is your life essence.
You have superior vitality. (+4 MHP)
Your body sometimes deteriorates upon taking damage.
You are strong-willed. (Will+)
You are robust. (+10% HP)
You do not regenerate when monsters are visible.


Message History

The vampire mosquito bites you!
* * * LOW HITPOINT WARNING * * *
The wall freezes the killer bee.
You feel better.
The wall freezes the vampire mosquito.
The wall freezes the killer bee. x2; The wall freezes the vampire mosquito.
The vampire mosquito bites you!
* * * LOW HITPOINT WARNING * * *
Your body deteriorates!
You feel dopey.
The wall freezes the vampire mosquito.
The wall freezes the killer bee.
The wall freezes the vampire mosquito.
The vampire mosquito closely misses you.
The wall freezes the killer bee.
You kill the killer bee!
Blink to where?
Press: ? - help, Dir - move target
Okay, then.
Blink to where?
Press: ? - help, Dir - move target The frozen ramparts melt away as you move.
As you read the scroll of blinking, it crumbles to dust.
You reach down and close the door.
You start resting.
You hear the creaking of a portcullis nearby.
You start resting.
A centaur warrior comes into view.
Throw: 2 throwing nets
Press: ? - help, Q - select action, (/) - cycle Shift-Dir - straight line, f - centaur warrior
Aim: a centaur warrior (wandering, hasn't noticed you, 68% to hit)
You throw a throwing net.
The throwing net hits the centaur warrior.
The centaur warrior is caught in the net!
The centaur warrior struggles against the net.
The centaur warrior struggles against the net. x2
The centaur warrior struggles against the net.
The net rips apart, and the centaur warrior comes free!
You hear the creaking of a portcullis nearby.
The centaur warrior wields a +0 orcbow.
The centaur warrior shoots an arrow.
The arrow closely misses you.
The centaur warrior shoots an arrow.
The arrow hits you!!
You die...

#y#### #..y.# ## ########+##
##.###### #.........#
#.......# #.........#
#.......####.........#
#.......#..'.........# .
........#.##.........###..'.
#.........##....@...c'...#
#.......####.........#####
######.## #.........# #.#
##+######## #.# #.## #..#
#####'## ###......##..


You could see a centaur warrior.

Vanquished Creatures
  A two-headed ogre (D:9)
  The ghost of osoart the Changeling, a novice DgSh (D:5)
  A hornet (D:9)
  Grinder (D:3)
  Prince Ribbit (D:7)
  A slime creature (D:9)
  Sigmund (D:6)
  A steam dragon (D:8)
  7 yaks
  2 wyverns
  An orc warrior (D:9)
  A sky beast (D:6)
  3 ice beasts
  A black bear (D:7)
  3 ogres
  A centaur (D:6)
  The ghost of RandomusNamus the Conjurer, an amateur OpCj (D:3)
  A gnoll sergeant (D:6)
  3 bullfrogs
  A scorpion (Temple)
  4 wights (D:9)
  11 killer bees
  5 howler monkeys
  7 hounds
  2 sleepcaps
  A gnoll bouda (D:7)
  4 orc priests
  A jelly (D:5)
  6 iguanas
  4 orc wizards
  14 gnolls
  6 adders
  3 shadow imps
  A white imp (D:7)
  4 ufetubi
  4 worms
  3 dart slugs
  29 orcs
  2 ball pythons (D:2)
  9 endoplasms
  2 giant cockroaches (D:2)
  5 goblins
  3 hobgoblins
  2 jackals (D:4)
  4 kobolds
  3 quokkas
  7 bats
  3 frilled lizards
  4 rats
186 creatures vanquished.

Vanquished Creatures (collateral kills)
  An ogre (D:6)
  An adder (D:6)
2 creatures vanquished.

Grand Total: 188 creatures vanquished

Notes
Turn   | Place    | Note
-------+----------+-------------------------------------------
     0 | D:1      | AppTheSpectato the Djinni Ice Elementalist began the quest
                  | for the Orb.
     0 | D:1      | AppTheSpectato set off with the following spells memorised:
                  | Freeze, Frozen Ramparts, Ozocubu's Armour, Summon Ice
                  | Beast.
     0 | D:1      | Reached XP level 1. HP: 15/15 MP: 0/0
   253 | D:1      | Reached XP level 2. HP: 20/21 MP: 0/0
  1363 | D:2      | Reached XP level 3. HP: 23/25 MP: 0/0
  1363 | D:2      | Learned a level 1 spell: Apportation
  1705 | D:3      | Noticed Grinder
  1706 | D:3      | Found an iron altar of Okawaru.
  1716 | D:3      | Reached skill level 1 in Fighting
  1731 | D:3      | Found a shadowy altar of Dithmenos.
  1763 | D:3      | Reached XP level 4. HP: 31/32 MP: 0/0
  1919 | D:3      | Found a transporter.
  1919 | D:3      | Found a transporter.
  1919 | D:3      | Noticed RandomusNamus's ghost (amateur OpCj)
  1966 | D:3      | You are sucked into a shaft and drop 2 floors!
  1966 | D:5      | Entered Level 5 of the Dungeon
  1972 | D:5      | Noticed a scorpion
  1991 | D:5      | Gained mutation: You are robust. (+10% HP) [potion of
                  | mutation]
  1991 | D:5      | Gained mutation: Your body sometimes deteriorates upon
                  | taking damage. [potion of mutation]
  1991 | D:5      | Gained mutation: You do not regenerate when monsters are
                  | visible. [potion of mutation]
  1991 | D:5      | Gained mutation: You are strong-willed. (Will+) [potion of
                  | mutation]
  1994 | D:5      | Reached XP level 5. HP: 6/41 MP: 0/0
  1994 | D:5      | Learned a level 2 spell: Searing Ray
  2226 | D:5      | Found a staircase to the Ecumenical Temple.
  2235 | Temple   | Entered the Ecumenical Temple
  2393 | Temple   | Reached skill level 5 in Spellcasting
  2393 | Temple   | Reached skill level 5 in Conjurations
  2393 | Temple   | Reached skill level 5 in Hexes
  2393 | Temple   | Reached skill level 5 in Summonings
  2393 | Temple   | Reached skill level 5 in Necromancy
  2393 | Temple   | Reached skill level 5 in Translocations
  2393 | Temple   | Reached skill level 5 in Transmutations
  2393 | Temple   | Reached skill level 5 in Fire Magic
  2393 | Temple   | Reached skill level 5 in Ice Magic
  2393 | Temple   | Reached skill level 5 in Air Magic
  2393 | Temple   | Reached skill level 5 in Earth Magic
  2393 | Temple   | Reached skill level 5 in Poison Magic
  2393 | Temple   | Reached XP level 6. HP: 12/47 MP: 0/0
  2738 | D:5      | Found a runed translucent door.
  2743 | D:5      | Noticed osoart's ghost (novice DgSh)
  3410 | D:4      | Reached XP level 7. HP: 41/53 MP: 0/0
  3410 | D:4      | Learned a level 3 spell: Stone Arrow
  4366 | D:3      | Killed Grinder
  4367 | D:3      | Reached XP level 8. HP: 36/63 MP: 0/0
  4479 | D:3      | Killed RandomusNamus's ghost
  4946 | D:5      | Found a transporter.
  4969 | D:5      | Found a transporter.
  5340 | D:5      | Killed osoart's ghost
  5341 | D:5      | Reached skill level 5 in Fighting
  5778 | D:6      | Reached XP level 9. HP: 53/71 MP: 0/0
  5778 | D:6      | Learned a level 4 spell: Animate Armour
  6130 | D:6      | Found a stormy altar of Qazlal.
  6412 | D:6      | Noticed Sigmund
  6421 | D:6      | Killed Sigmund
  6730 | D:6      | Found a blossoming altar of Fedhas.
  6922 | D:7      | Identified the "Cairroq"
  7262 | D:7      | Noticed Prince Ribbit
  7268 | D:7      | Killed Prince Ribbit
  7269 | D:7      | Reached XP level 10. HP: 59/79 MP: 0/0
  7934 | D:8      | Found a broken altar of Ashenzari.
  8242 | D:8      | Upgraded the game from 0.31-a0-968-g24f9ace8b5 to
                  | 0.31-a0-978-g1e143483b6
  8473 | D:8      | Found a glowing silver altar of Zin.
  8665 | D:9      | Found a staircase to the Lair.
  8711 | D:9      | Reached skill level 10 in Spellcasting
  8711 | D:9      | Reached skill level 10 in Conjurations
  8711 | D:9      | Reached skill level 10 in Hexes
  8711 | D:9      | Reached skill level 10 in Summonings
  8711 | D:9      | Reached skill level 10 in Necromancy
  8711 | D:9      | Reached skill level 10 in Translocations
  8711 | D:9      | Reached skill level 10 in Transmutations
  8711 | D:9      | Reached skill level 10 in Fire Magic
  8711 | D:9      | Reached skill level 10 in Ice Magic
  8711 | D:9      | Reached skill level 10 in Air Magic
  8711 | D:9      | Reached skill level 10 in Earth Magic
  8711 | D:9      | Reached skill level 10 in Poison Magic
  8753 | D:9      | Found a glowing golden altar of the Shining One.
  8957 | D:9      | Found Lidoco's Distillery.
  9140 | D:9      | Found Ludeenum's Antique Weapon Boutique.
  9707 | D:9      | Noticed a two-headed ogre
  9715 | D:9      | Killed a two-headed ogre
  9716 | D:9      | Reached XP level 11. HP: 77/89 MP: 0/0
  9716 | D:9      | Learned a level 4 spell: Sticky Flame
 10083 | D:10     | Entered Level 10 of the Dungeon
 10223 | D:10     | Found a runed translucent gate.
 10223 | D:10     | Found a runed translucent gate.
 10223 | D:10     | Found a runed translucent gate.
 10223 | D:10     | Found an opulent altar of Gozag.
 10225 | D:10     | Found Vac Nyurgh's Assorted Antiques.
 10225 | D:10     | Noticed an obsidian statue
 10225 | D:10     | Noticed wally255's ghost (novice TrFi)
 10226 | D:10     | Noticed a four-headed hydra
 10263 | D:10     | Found a flagged portal.
 10333 | D:10     | Noticed a centaur warrior
 10338 | D:10     | Shot with an arrow by a centaur warrior

Illustrated notes

Levels and vault maps discovered:
D:1:      dpeg_arrival_signposts, layout_basic, st_stairs_12
D:2:      layout_basic
D:3:      layout_rooms, okawaru_gym_becter, mainiacjoe_overflow_tiny_flanked,
          gammafunk_ghost_arena, uniq_grinder
D:4:      layout_basic, kennysheep_orc_sif_temple, patterned_corridor
D:5:      gammafunk_wand_slinger, layout_loops_cross,
          minmay_temple_entry_stoned_glass, ebering_ghost_reflecting_pool,
          dreamdust_mushroom_princess
D:6:      layout_basic, nicolae_qazlal_beasts_of_the_sky,
          fedhas_altar_decomposition, uniq_sigmund
D:7:      layout_cave_pools, uniq_prince_ribbit1
D:8:      layout_loops_ring, overflow_temple_1_default,
          nicolae_ashenzari_skybound, corexii_leaking_fountain,
          hangedman_decor_riveting
D:9:      layout_gridville, nicolae_overflow_hidden_temple, lair_entry_dummy,
          serial_shops, shop, shop, kennysheep_generic_room_15
D:10:     layout_roguey, jmf_multi_god_temple, amethyst_overflow_temple_binary,
          kennysheep_vampire_church, beargit_hepliaklqana_dungeon_heroes,
          enter_bailey_5, ebering_ghost_gozag
Temple:   nicolae_temple_superstar

Skill      XL: |  1  2  3  4  5  6  7  8  9 10 11 |
---------------+----------------------------------+-----
Fighting       | 1 2 3 5 6 8 |  8.5
Spellcasting   | 4 5 6 7 9 10 11 | 11.0
Conjurations   | 4 5 6 7 9 10 11 | 11.0
Hexes          | 4 5 6 7 9 10 11 | 11.0
Summonings     | 4 5 6 7 9 10 11 | 11.0
Necromancy     | 4 5 6 7 9 10 11 | 11.0
Translocations | 4 5 6 7 9 10 11 | 11.0
Transmutations | 4 5 6 7 9 10 11 | 11.0
Fire Magic     | 4 5 6 7 9 10 11 | 11.0
Ice Magic      | 4 5 6 7 9 10 11 | 11.0
Air Magic      | 4 5 6 7 9 10 11 | 11.0
Earth Magic    | 4 5 6 7 9 10 11 | 11.0
Poison Magic   | 4 5 6 7 9 10 11 | 11.0
Dodging        | |  2.3
Stealth        | |  1.7

Action                     |  1- 3 |  4- 6 |  7- 9 | 10-12 || total
---------------------------+-------+-------+-------+-------++-------
  Melee: Unarmed           |     1 |     4 |     2 |       ||     7
         Dagger            |       |       |     8 |       ||     8
         Halberd           |       |       |     2 |       ||     2
  Throw: Throwing net      |       |       |     2 |     1 ||     3
   Cast: Freeze            |    53 |    27 |       |       ||    80
         Ozocubu's Armour  |       |     2 |    14 |     4 ||    20
         Frozen Ramparts   |       |     1 |     8 |     4 ||    13
         Searing Ray       |       |    22 |    17 |     5 ||    44
         Stone Arrow       |       |       |    53 |    73 ||   126
         Apportation       |       |       |     1 |       ||     1
         Summon Ice Beast  |       |       |     4 |       ||     4
         Animate Armour    |       |       |     2 |     1 ||     3
  Evoke: Wand              |       |       |     2 |       ||     2
    Use: Scroll            |     3 |     7 |     5 |     2 ||    17
         Potion            |     1 |     4 |     2 |     1 ||     8
 Armour: Robe              |    13 |    55 |    58 |    33 ||   159
         Skin              |       |     6 |       |       ||     6
  Dodge: Dodged            |    22 |    51 |    42 |    18 ||   133
  Block: Other             |       |       |    16 |     7 ||    23
         Reflection        |       |       |       |     1 ||     1

Table legend: (Time is in decaauts)
 A = Elapsed time spent in this place.
 B = Non-inter-level travel time spent in this place.
 C = Inter-level travel time spent in this place.
 D = Time resting spent in this place.
 E = Time spent auto-exploring this place.
 F = Levels seen in this place.
 G = Mean time per level.
                   A        B        C        D        E       F      G
               +--------+--------+--------+--------+--------+-----+--------+
         Total |  10323 |   9494 |    829 |   3090 |   4921 |  11 |  938.5 |
       Dungeon |  10036 |   9329 |    707 |   2942 |   4921 |  10 | 1003.6 |
        Temple |    286 |    164 |    122 |    148 |      0 |   1 |  286.0 |
               +--------+--------+--------+--------+--------+-----+--------+

Top non-repeatable levels by time:
     D:5: 1557 daAuts
     D:9: 1419 daAuts
     D:6: 1401 daAuts
     D:4: 1185 daAuts
     D:1: 959 daAuts
     D:7: 954 daAuts
     D:8: 785 daAuts
     D:2: 784 daAuts
     D:3: 733 daAuts
  Temple: 286 daAuts
    D:10: 254 daAuts
